 Dungeon Crawl Stone Soup version 0.28-a0-46-g7b1be97da7 (webtiles) character file.

Game seed: 3866531885402063602

9783 Conn the Arsonist (level 11, -8/66 HPs)
             Began as an Octopode Fire Elementalist on July 29, 2021.
             Was an Elder of Sif Muna.
             Splashed by Maurice's acid (12 damage)
             ... on level 1 of the Orcish Mines.
             The game lasted 01:00:33 (15424 turns).

Conn the Arsonist (Octopode Fire Elementalist)     Turns: 15424, Time: 01:00:33

Health: -8/66      AC: -3    Str:  7    XL:     11   Next: 51%
Magic:  21/23      EV: 22    Int: 21    God:    Sif Muna [****..]
Gold:   644        SH:  0    Dex: 13    Spells: 3/26 levels left

rFire   . . .      SeeInvis .   j - +4 short sword (speed)
rCold   . . .      Faith    +   (no shield)
rNeg    + . .      Spirit   .   (helmet restricted)
rPois   .          Reflect  .   e - amulet of faith
rElec   .          Harm     .   m - ring of positive energy
rCorr   .          Rampage  .   v - +4 ring of evasion
Will    .....                   h - +4 ring of evasion
Stlth   ++++......              (no ring)
HPRegen 0.21/turn               (no ring)
MPRegen 0.18/turn               (no ring)
                                (no ring)
                                (no ring)

@: brilliant, corroded, channeling
A: almost no armour, amphibious, 8 rings, camouflage 1, gelatinous body 1,
(nimble swimmer 1), tentacles
a: Renounce Religion, Channel Magic, Forget Spell, Divine Exegesis


You were on level 1 of the Orcish Mines.
You worshipped Sif Muna.
Sif Muna was greatly pleased with you.
You visited 2 branches of the dungeon, and saw 11 of its levels.
You also visited: Ossuary.

You collected 644 gold pieces.

Inventory:

Hand Weapons
 c - a +2 vampiric short sword
 j - a +4 short sword of speed (weapon)
 y - a +4 falchion
Missiles
 x - 44 poisoned darts
Armour
 A - a +0 buckler
Jewellery
 e - an amulet of faith (around mantle)
 h - a +4 ring of evasion (on tentacle)
 m - a ring of positive energy (left tentacle)
 v - a +4 ring of evasion (right tentacle)
Wands
 a - a wand of iceblast (11)
 l - a wand of charming (7)
 w - a wand of polymorph (4)
Scrolls
 d - 2 scrolls of amnesia
 f - a scroll of torment {unknown}
 i - 2 scrolls of fear
 u - 2 scrolls of teleportation
 z - a scroll of enchant weapon {unknown}
 B - 3 scrolls of identify
Potions
 b - a potion of resistance {unknown}
 g - a potion of mutation
 k - 2 potions of might
 o - 2 potions of flight
 p - a potion of magic
 q - 4 potions of curing
 r - a potion of heal wounds
 t - a potion of haste


   Skills:
 + Level 2.7 Fighting
 + Level 3.8 Short Blades
 + Level 3.4 Dodging
 + Level 6.6 Stealth
 + Level 8.1 Spellcasting
 + Level 7.5 Conjurations
 + Level 0.4 Hexes
 * Level 9.5 Fire Magic
 + Level 4.4 Ice Magic
 * Level 2.8 Earth Magic
 * Level 5.1 Invocations


You had 3 spell levels left.
You knew the following spells:

 Your Spells              Type           Power      Damage    Failure   Level
a - Foxfire               Conj/Fire      100%       2x1d9     1%          1
b - Conjure Flame         Conj/Fire      61%        6-21      1%          3
c - Inner Flame           Hex/Fire       44%        N/A       3%          3
d - Sticky Flame          Conj/Fire      61%        2d8       2%          4
e - Fireball              Conj/Fire      30%        3d13      7%          5
f - Hailstorm             Conj/Ice       50%        3d11      7%          4
g - Stone Arrow           Conj/Erth      90%        3d12      2%          3

Your spell library contained the following spells:

 Spells                   Type           Power      Damage    Failure   Level
 Ignite Poison            Fire/Tmut/Pois 32%        N/A       6%          3
 Animate Skeleton         Necr           24%        N/A       8%          1
 Pain                     Necr           48%        1d6       8%          1
 Sublimation of Blood     Necr           6%         N/A       12%         2
 Vampiric Draining        Necr           6%         2d6       24%         3
 Bolt of Magma            Conj/Fire/Erth 26%        4d12      14%         5
 Ice Form                 Ice/Tmut       26%        N/A       32%         4
 Petrify                  Tmut/Erth      21%        N/A       41%         4
 Irradiate                Conj/Tmut      18%        3d20      43%         5
 Olgreb's Toxic Radiance  Pois           12%        N/A       61%         4
 Simulacrum               Ice/Necr       13%        N/A       99%         6
 Ozocubu's Refrigeration  Ice            20%        4d9       100%        7
 Ignition                 Fire           32%        3d10      100%        8
 Shatter                  Erth           15%        3d15*     100%        9


Dungeon Overview and Level Annotations

Branches:
Dungeon (10/15)            Temple (0/1) D:7             Orc (1/2) D:9
Ossuary (visited)
   Lair: D:8-11

Altars:
Dithmenos
Elyvilon
Fedhas
Gozag
Hepliaklqana
Kikubaaqudgha
Okawaru
Ru
Sif Muna
Uskayaw
Xom
Zin
The Shining One
Beogh

Shops:
D:4 [

Annotations:
D:2 Shaidar's ghost, amateur MiBe
Orc:1 Maurice


Innate Abilities, Weirdness & Mutations

You cannot wear most types of armour.
You are amphibious.
You can wear up to eight rings at the same time.
Your skin changes colour to match your surroundings (Stealth+).
Your rubbery body absorbs attacks. (AC +1, EV +1)
((You are camouflaged near water. (Stealth+)))
You have tentacles for arms and can constrict up to eight enemies at once.


Message History

The fireball explodes!
Okay, then.
You feel clever all of a sudden.
Okay, then.
An ogre comes into view. It is wielding a +0 giant club.
An orc warrior comes into view. It is wielding a +0 dire flail.
Casting: Fireball (dangerous; 7% risk of failure)
Confirm with . or Enter, or press ? or * to list all spells.
Okay, then.
Unknown command.
Casting: Fireball (dangerous; 7% risk of failure)
Confirm with . or Enter, or press ? or * to list all spells.
Okay, then.
Unknown command.
Unknown command.
You hear the slow rumble of a very distant avalanche of rocks.
Casting: Fireball (dangerous; 7% risk of failure)
Confirm with . or Enter, or press ? or * to list all spells.
Okay, then.
Unknown command.
Casting: Fireball (dangerous; 7% risk of failure)
Confirm with . or Enter, or press ? or * to list all spells.
Aiming: Fireball (dangerous; 7% risk of failure)
Press: ? - help, Shift-Dir - straight line
Okay, then.
An orc comes into view. It is wielding a +0 short sword.
An orc comes into view. It is wielding a +0 flail.
Something hits you!
Something steals 1 of your 3 scrolls of teleportation!
Casting: Fireball (dangerous; 7% risk of failure)
Confirm with . or Enter, or press ? or * to list all spells.
Aiming: Sticky Flame (dangerous; 2% risk of failure)
Press: ? - help, Shift-Dir - straight line You feel a surge of power!
You hear a zap.
A bolt of acid appears from out of thin air!
The bolt of acid hits you!!
* * * LOW HITPOINT WARNING * * *
You are splashed with acid!
You die...

... #....._.
........ ........
....@...####
..............#@##
...........o...{.#
.>..........#)..##
.........o.())..#
...........O..).#
......$..O.....##
.........#....##
.......<.......##
....@...........##


You could see an orc warrior, 2 ogres and an orc.

Vanquished Creatures
  A two-headed ogre (D:8)
  An orc knight (D:10)
  An ugly thing (D:10)
  A cyclops (Orc:1)
  A komodo dragon (D:10)
  A troll (D:7)
  Prince Ribbit (D:5)
  A vampire (D:9)
  A wraith (D:10)
  2 wyverns
  8 yaks
  Eustachio (D:4)
  A steam dragon (D:9)
  2 water moccasins
  Edmund (D:5)
  An acid dragon (D:9)
  An ice beast (D:4)
  A black bear (D:5)
  6 orc warriors
  4 centaurs
  4 sky beasts
  A hornet zombie (D:7)
  3 ogres
  A phantom (D:5)
  4 kobold brigands
  Blork the orc (D:6)
  2 bullfrogs
  3 scorpions
  5 wights (D:8)
  2 vampire bats (D:5)
  7 electric eels
  A bullfrog zombie (D:5)
  3 crimson imps (D:7)
  6 centaur zombies
  A hound (D:4)
  4 jellies
  6 orc priests
  Jessica (D:2)
  An iguana (D:4)
  7 orc wizards
  4 mummies
  2 howler monkey zombies
  4 gnolls (D:5)
  7 adders
  A howler monkey skeleton (D:4)
  A shadow imp (D:6)
  An adder zombie (Ossuary)
  An adder skeleton (D:4)
  4 worms
  2 dart slugs
  21 orcs
  3 bat skeletons (D:5)
  A bat zombie (D:5)
  7 endoplasms
  3 giant cockroaches
  7 goblins
  11 hobgoblins
  7 jackals
  A quokka (D:5)
  4 ball pythons
  7 bats
  3 frilled lizards
  7 goblin zombies (Ossuary)
  A hobgoblin zombie (Ossuary)
  14 kobolds
  6 kobold zombies
  2 orc zombies (D:5)
  5 quokka zombies (Ossuary)
  2 rats
239 creatures vanquished.

Vanquished Creatures (collateral kills)
  7 foxfires (D:9)
7 creatures vanquished.

Vanquished Creatures (others)
  938 foxfires
  20 plants
958 creatures vanquished.

Grand Total: 1204 creatures vanquished

Notes
Turn   | Place    | Note
-------+----------+-------------------------------------------
     0 | D:1      | Conn the Octopode Fire Elementalist began the quest for the
                  | Orb.
     0 | D:1      | Reached XP level 1. HP: 11/11 MP: 3/3
   449 | D:1      | Reached XP level 2. HP: 14/17 MP: 1/5
  1099 | D:1      | Found a faded altar of an unknown god.
  1106 | D:1      | Reached XP level 3. HP: 11/21 MP: 2/6
  2228 | D:2      | Noticed Jessica
  2236 | D:2      | Killed Jessica
  2237 | D:2      | Reached XP level 4. HP: 27/27 MP: 0/7
  2491 | D:3      | Found a runed translucent door.
  2492 | D:3      | Noticed Shaidar's ghost (amateur MiBe)
  2500 | D:3      | Learned a level 3 spell: Conjure Flame
  2504 | D:3      | Learned a level 3 spell: Inner Flame
  3803 | D:3      | Reached XP level 5. HP: 31/31 MP: 6/9
  4294 | D:4      | Found a glowing golden altar of the Shining One.
  4360 | D:4      | Noticed an ice beast
  4700 | D:4      | Noticed a kobold brigand
  4718 | D:4      | Reached skill level 4 in Fire Magic
  4732 | D:4      | Killed a kobold brigand
  4733 | D:4      | Reached skill level 1 in Short Blades
  4733 | D:4      | Reached XP level 6. HP: 28/37 MP: 6/10
  4999 | D:3      | Learned a level 4 spell: Sticky Flame
  5281 | D:4      | Found a shimmering blue altar of Sif Muna.
  5296 | D:4      | Became a worshipper of Sif Muna the Loreminder
  5365 | D:4      | Noticed Eustachio
  5372 | D:4      | Killed Eustachio
  5373 | D:4      | Reached XP level 7. HP: 33/42 MP: 7/12
  5463 | D:4      | Found an iron altar of Okawaru.
  5499 | D:4      | Reached skill level 1 in Fighting
  5831 | D:4      | Found Jaon's Armour Emporium.
  5905 | D:5      | Entered Level 5 of the Dungeon
  5936 | D:5      | Noticed Prince Ribbit
  5946 | D:5      | Killed Prince Ribbit
  5947 | D:5      | Reached skill level 5 in Stealth
  5947 | D:5      | Reached skill level 5 in Fire Magic
  5951 | D:5      | Found a sand-covered staircase.
  5956 | Ossuary  | Entered an ossuary
  5989 | Ossuary  | Reached XP level 8. HP: 20/48 MP: 8/14
  6131 | Ossuary  | Learned a level 4 spell: Hailstorm
  6145 | Ossuary  | Reached * piety under Sif Muna
  6931 | D:5      | Found an ancient bone altar of Kikubaaqudgha.
  7490 | D:5      | Reached skill level 1 in Ice Magic
  7506 | D:5      | Reached skill level 5 in Spellcasting
  7815 | D:5      | Reached ** piety under Sif Muna
  7967 | D:5      | Noticed Edmund
  7978 | D:5      | Killed Edmund
  7979 | D:5      | Reached skill level 5 in Conjurations
  8098 | D:5      | Reached XP level 9. HP: 53/53 MP: 6/17
  8490 | D:6      | Reached skill level 6 in Fire Magic
  9055 | D:6      | Noticed Blork the orc
  9063 | D:6      | Killed Blork the orc
  9066 | D:6      | Found a blossoming altar of Fedhas.
  9270 | D:7      | Found a shadowy altar of Dithmenos.
  9361 | D:7      | Learned a level 5 spell: Fireball
  9370 | D:7      | Found a staircase to the Ecumenical Temple.
  9500 | D:7      | Found a white marble altar of Elyvilon.
  9500 | D:7      | Found a sacrificial altar of Ru.
  9548 | D:7      | Noticed a troll
  9563 | D:7      | Killed a troll
  9664 | D:7      | Found an opulent altar of Gozag.
  9671 | D:7      | Found an opulent altar of Gozag.
  9671 | D:7      | Found an opulent altar of Gozag.
  9683 | D:7      | Found an opulent altar of Gozag.
  9807 | D:7      | Reached skill level 1 in Invocations
 10034 | D:7      | Found a shimmering altar of Xom.
 10077 | D:7      | Found a hazy altar of Hepliaklqana.
 10084 | D:7      | Reached skill level 7 in Fire Magic
 10215 | D:7      | Reached XP level 10. HP: 60/60 MP: 6/20
 11191 | D:8      | Noticed a two-headed ogre
 11204 | D:8      | Killed a two-headed ogre
 11678 | D:9      | Reached *** piety under Sif Muna
 11991 | D:9      | Reached skill level 8 in Fire Magic
 12602 | D:9      | Found a hide-covered altar of Uskayaw.
 12602 | D:9      | Noticed a +0 falchion
 12603 | D:9      | Noticed a +0 dagger
 12603 | D:9      | Noticed a +0 spear
 12603 | D:9      | Noticed a +0 dagger
 12604 | D:9      | Noticed a +0 falchion
 12604 | D:9      | Noticed a +0 short sword
 12604 | D:9      | Noticed a +0 spear
 12605 | D:9      | Noticed a +0 short sword
 12835 | D:9      | Found a staircase to the Orcish Mines.
 13548 | D:9      | Reached XP level 11. HP: 45/65 MP: 11/22
 13694 | D:9      | Learned a level 3 spell: Stone Arrow
 13713 | D:10     | Entered Level 10 of the Dungeon
 13781 | D:10     | Reached skill level 1 in Earth Magic
 13789 | D:10     | Reached **** piety under Sif Muna
 13815 | D:10     | Reached skill level 9 in Fire Magic
 14240 | D:10     | Noticed an orc knight
 14260 | D:10     | Killed an orc knight
 14276 | D:10     | Found a glowing silver altar of Zin.
 14297 | D:10     | Identified the +4 war axe of Slow Death {protect, rPois
                  | rF++ Str+4 Dex-3}
 14297 | D:10     | Noticed a yaktaur captain
 15048 | D:10     | Noticed a brown ugly thing
 15058 | D:10     | Killed a brown ugly thing
 15370 | Orc:1    | Entered Level 1 of the Orcish Mines
 15370 | Orc:1    | Noticed Maurice
 15370 | Orc:1    | Noticed a cyclops
 15404 | Orc:1    | Killed a cyclops
 15405 | Orc:1    | Reached skill level 5 in Invocations
 15424 | Orc:1    | Splashed by Maurice's acid

Illustrated notes

Levels and vault maps discovered:
D:1:      dpeg_arrival_ternary, layout_loops_ring,
          shapermc_ecumenical_altar_pompeii
D:2:      layout_basic, uniq_jessica
D:3:      layout_loops_ring, ebering_ghost_reflecting_pool, kennysheep_donut,
          hex_medium
D:4:      layout_loops_cross, lemuel_doored_altar, lemuel_crystal_altar,
          overflow_temple_1_default, serial_shops, nicolae_shop_waterfront,
          uniq_eustachio
D:5:      minmay_spotlight, layout_layer_cave, kennysheep_vampire_church,
          enter_ossuary_5, grunt_ministairs_3, minmay_mini_ossuary, uniq_edmund,
          uniq_prince_ribbit1
D:6:      layout_basic, fedhas_altar_fruit_tree, uniq_blork_the_orc
D:7:      layout_basic, nicolae_hepliaklqana_hazy_memory, led_xom_imps,
          nicolae_gozag_conspicuous_consumption,
          gammafunk_temple_overflow_statue, grunt_dithmenos_smoke,
          minmay_temple_entry_tees
D:8:      layout_loops_corners
D:9:      layout_grid_maze, nicolae_uskayaw_en_pointe,
          minmay_orc_entry_temple_small, serial_bayou_lagoon_b
D:10:     nzn_winding_woodlands_cross [nzn_winding_woodlands_5x15_cabin,
          nzn_winding_woodlands_5x15_default,
          nzn_winding_woodlands_5x15_pathside_ponds,
          nzn_winding_woodlands_5x15_river_crossing,
          nzn_winding_woodlands_15x15_eel_pit], layout_basic, lemuel_tele_altar
Orc:1:    layout_caves, basic_altar, enter_volcano_1, uniq_maurice

Skill      XL: |  1  2  3  4  5  6  7  8  9 10 11 |
---------------+----------------------------------+-----
Stealth        | 3 4 5 6 |  6.6
Conjurations   | 2 3 4 5 6 7 |  7.5
Fire Magic     | 4 5 7 8 9 |  9.5
Short Blades   | 1 2 3 |  3.8
Spellcasting   | 3 4 5 6 7 8 |  8.1
Fighting       | 1 2 |  2.7
Ice Magic      | 2 3 4 |  4.4
Invocations    | 1 4 5 |  5.1
Dodging        | 3 |  3.4
Earth Magic    | 2 |  2.8
Hexes          | |  0.4

Action                   |  1- 3 |  4- 6 |  7- 9 | 10-12 || total
-------------------------+-------+-------+-------+-------++-------
Melee: Unarmed           |     8 |       |       |       ||     8
       Constrict         |     3 |    14 |     8 |     6 ||    31
       Short sword       |     3 |    56 |    57 |    52 ||   168
       Tentacles         |     1 |     3 |     4 |    12 ||    20
 Cast: Foxfire           |    82 |   105 |   234 |   141 ||   562
       Conjure Flame     |       |     3 |     2 |     8 ||    13
       Sticky Flame      |       |     1 |    10 |    28 ||    39
       Inner Flame       |       |       |     2 |     5 ||     7
       Fireball          |       |       |       |    19 ||    19
       Hailstorm         |       |       |       |     3 ||     3
       Stone Arrow       |       |       |       |     2 ||     2
Invok: Channel Magic     |       |       |       |     3 ||     3
  Use: Potion            |       |     1 |     4 |     2 ||     7
       Scroll            |       |       |    10 |     9 ||    19
 Stab: Sleeping          |     1 |     3 |     9 |     4 ||    17
       Distracted        |       |       |     1 |       ||     1
Armor: Skin              |     3 |     3 |    10 |     1 ||    17
Dodge: Dodged            |    17 |    30 |    72 |    88 ||   207

Table legend: (Time is in decaauts)
 A = Elapsed time spent in this place.
 B = Non-inter-level travel time spent in this place.
 C = Inter-level travel time spent in this place.
 D = Time resting spent in this place.
 E = Time spent auto-exploring this place.
 F = Levels seen in this place.
 G = Mean time per level.
                   A        B        C        D        E       F      G
               +--------+--------+--------+--------+--------+-----+--------+
         Total |  15377 |  15048 |    329 |   1416 |   9783 |  12 | 1281.4 |
       Dungeon |  14858 |  14529 |    329 |   1165 |   9783 |  10 | 1485.8 |
  Orcish Mines |     51 |     51 |      0 |      2 |      0 |   1 |   51.0 |
       Ossuary |    467 |    467 |      0 |    249 |      0 |   1 |  467.0 |
               +--------+--------+--------+--------+--------+-----+--------+

Top non-repeatable levels by time:
     D:9: 2609 daAuts
     D:5: 2004 daAuts
     D:1: 1870 daAuts
     D:3: 1812 daAuts
     D:8: 1302 daAuts
     D:4: 1193 daAuts
     D:7: 1120 daAuts
    D:10: 1087 daAuts
     D:2: 1020 daAuts
     D:6: 838 daAuts
 Ossuary: 467 daAuts
   Orc:1: 51 daAuts
